 Dungeon Crawl Stone Soup version 0.17-a0-1923-gc35365e (webtiles) character file.

28 musteatbrain the Sneak (level 2, -1/13 HPs)
             Began as a Spriggan Enchanter on Sept 28, 2015.
             Slain by a jackal (2 damage)
             ... on level 2 of the Dungeon.
             The game lasted 00:04:44 (953 turns).

musteatbrain the Sneak (Spriggan Enchanter)          Turns: 953, Time: 00:04:44

Health: -1/13      AC:  3    Str:  4    XL:     2   Next: 96%
Magic:  6/6        EV: 18    Int: 16    God:
Gold:   31         SH:  0    Dex: 16    Spells: 2 memorised, 3 levels left

rFire  . . .     SeeInvis +     a - +1 dagger
rCold  . . .     Clarity  .     b - +1 robe
rNeg   . . .     SustAt   .     (shield restricted)
rPois  .         Gourm    .     (helmet restricted)
rElec  .         Spirit   .     (no cloak)
rCorr  .         Warding  .     (gloves unavailable)
rMut   .         Stasis   .     (boots unavailable)
MR     .....                    (no amulet)
Stlth  +++.......               (no ring)
                                (no ring)

@: very quick, not resistant to hostile enchantments, fairly stealthy
A: unfitting armour, see invisible, herbivore 3, speed 3, slow metabolism 2
a: no special abilities


You were on level 2 of the Dungeon.
You were not hungry.

You visited 1 branch of the dungeon, and saw 2 of its levels.

You collected 31 gold pieces.

Inventory:

Hand weapons
 a - a +1 dagger (weapon)
Armour
 b - a +1 robe (worn)
Jewellery
 g - a +2 ring of evasion {unknown}
 m - an uncursed amulet of the gourmand {unknown}
Scrolls
 e - a scroll of teleportation {unknown}
 h - 2 scrolls of identify {unknown}
 j - a scroll of magic mapping {unknown}
 l - a scroll of enchant weapon {unknown}
Potions
 f - 3 potions of might {unknown}
 i - a potion of heal wounds {unknown}
 k - a potion of haste {unknown}
Books
 c - a book of Maledictions

   Spells                             Type                      Level
   a - Corona                         Hexes                        1
   b - Ensorcelled Hibernation        Hexes/Ice                    2
   c - Confuse                        Hexes                        3
   d - Tukima's Dance                 Hexes                        3
   e - Dazzling Spray                 Conjuration/Hexes            3
Comestibles
 d - 2 bread rations


   Skills:
 + Level 2.1 Short Blades
 - Level 3.2 Dodging
 + Level 5.6 Stealth
 - Level 2.6 Spellcasting
 - Level 3.6 Hexes


You had 3 spell levels left.
You knew the following spells:

 Your Spells              Type           Power        Failure   Level  Hunger
a - Corona                Hex            ##.....      6%          1    #......
b - Ensorcelled Hibernat  Hex/Ice        #.....       17%         2    ##.....


Dungeon Overview and Level Annotations

Branches:
Dungeon (2/15)

Altars:
Xom


Innate Abilities, Weirdness & Mutations

You are tiny and cannot use many weapons and most armour.
You have supernaturally acute eyesight.
You are a herbivore.
You cover ground extremely quickly.
You need consume almost no food.


Message History

The bat barely misses you.
You hit the jackal.
The jackal is almost dead.
The jackal completely misses you.
You hit the jackal but do no damage.
The jackal is severely wounded.
The bat hits you.
* * * LOW HITPOINT WARNING * * *
The jackal bites you but does no damage.
The jackal misses you.
The jackal bites you but does no damage.
You hit the jackal.
You kill the jackal!
The jackal bites you.
* * * LOW HITPOINT WARNING * * *
The jackal completely misses you. The jackal barely misses you.
The jackal bites you.
* * * LOW HITPOINT WARNING * * *
The jackal bites you.
You die...

#.###.#..
#.....#.#
######..#.#
........#.#
###..#..#.#
#.#.#.#.##
..>........#
#.#.#.#.#h###
........h.@.#
.#.#.#.#h#.######
#.####..........
#..###†#.#######
#...##.#.#
#......#.#
#>#####..^^....#
........^_^..###
#.#####.^.^..#


You could see 3 jackals.

Vanquished Creatures
  A giant cockroach (D:1)
  4 hobgoblins (D:1)
  5 jackals
  3 bats
  4 goblins (D:1)
  3 kobolds (D:1)
  6 rats (D:1)
26 creatures vanquished.

Notes
Turn   | Place    | Note
--------------------------------------------------------------
     0 | D:1      | musteatbrain the Spriggan Enchanter began the quest for the Orb.
     0 | D:1      | Reached XP level 1. HP: 9/9 MP: 5/5
   190 | D:1      | Reached skill level 5 in Stealth
   190 | D:1      | Reached XP level 2. HP: 8/13 MP: 6/6
   256 | D:1      | Learned a level 2 spell: Ensorcelled Hibernation
   871 | D:2      | Found a shimmering altar of Xom.
   953 | D:2      | Slain by a jackal

Vault maps used:
D:1:      minmay_arrival_plants_in_alcoves, glass_columns_c,
          hangedman_decor_growths
D:2:      st_stairs_13, xom_teletrap_fun

Action                   || total
-------------------------++-------
Melee: Dagger            ||    96
 Stab: Sleeping          ||     8
